 Dungeon Crawl Stone Soup version 0.22-a0-40-g3d2f077 (webtiles) character file.

2003 tidbits the Grave Robber (level 9, -1/65 HPs)
             Began as a Gnoll Necromancer on Jan 4, 2018.
             Slain by a human
             ... wielding a +0 long sword
              (16 damage)
             ... on level 7 of the Dungeon.
             The game lasted 00:16:00 (1829 turns).

tidbits the Grave Robber (Gnoll Necromancer)        Turns: 1829, Time: 00:16:01

Health: -1/65      AC:  3    Str: 11    XL:     9   Next: 22%
Magic:  1/18       EV: 22    Int: 22    God:
Gold:   79         SH:  0    Dex: 21    Spells: 10/20 levels left

rFire    . . .     SeeInvis .   z - +1 dagger (pain)
rCold    . . .     Gourm    +   (no shield)
rNeg     . . .     Faith    .   q - +0 robe
rPois    .         Spirit   .   (no helmet)
rElec    .         Reflect  .   (no cloak)
rCorr    .         Harm     .   G - +0 pair of gloves
MR       .....                  (no boots)
Stlth    +++++.....             k - amulet of the gourmand
HPRegen  0.20/turn              y - +2 ring of intelligence
MPRegen  0.16/turn              (no ring)

@: agile, hasted, very quick
A: distributed training, fangs 1, strong nose
a: no special abilities


You were on level 7 of the Dungeon.
You were hungry.

You visited 1 branch of the dungeon, and saw 8 of its levels.

You collected 214 gold pieces.
You spent 135 gold pieces at shops.

Inventory:

Hand Weapons
 a - a +2 short sword of venom
   (You took it off a gnoll on level 2 of the Dungeon)
 g - a +0 whip
 h - a +0 mace
 m - a +0 spear
 o - a -2 spear
 r - a +3 dire flail of crushing
   (You took it off Edmund on level 5 of the Dungeon)
 z - a +1 dagger of pain (weapon)
   (You took it off a wizard on level 7 of the Dungeon)
 B - a +0 dagger
 H - a +0 flail
 I - a +0 dagger of venom
   (You took it off an orc wizard on level 7 of the Dungeon)
 J - a +3 war axe of flaming
   (You took it off an orc on level 7 of the Dungeon)
Missiles
 D - 4 curare-tipped needles
Armour
 i - a +0 ring mail
 q - a +0 robe (worn)
 E - a +0 pair of boots
 G - a +0 pair of gloves (worn)
Jewellery
 k - an amulet of the gourmand (around neck)
   (You found it on level 2 of the Dungeon)
 l - an uncursed ring of fire
   (You found it on level 2 of the Dungeon)
 y - a +2 ring of intelligence (left hand)
   (You found it on level 3 of the Dungeon)
Wands
 u - a wand of flame (17)
Scrolls
 f - a scroll of blinking {unknown}
 p - 2 scrolls of amnesia {unknown}
 s - a scroll of remove curse
 w - 2 scrolls of teleportation
 x - a scroll of fog {unknown}
 A - a scroll of enchant armour {unknown}
 C - a scroll of fear {unknown}
 K - a scroll of noise {unknown}
Potions
 e - a potion of flight {unknown}
 j - a potion of resistance
 t - a potion of agility
 v - a potion of ambrosia
Books
 b - a book of Necromancy

   Spells                             Type                      Level
   a - Pain                           Necromancy                   1
   b - Animate Skeleton               Necromancy                   1
   c - Vampiric Draining              Necromancy                   3
   d - Regeneration                   Charms/Necromancy            3
   e - Animate Dead                   Necromancy                   4
   f - Borgnjor's Vile Clutch         Necromancy/Earth             5
 F - a book of Changes
   (You found it on level 6 of the Dungeon)

   Spells                             Type                      Level
   a - Beastly Appendage              Transmutation                1
   b - Sticks to Snakes               Transmutation                2
   c - Spider Form                    Transmutation/Poison         3
   d - Ice Form                       Ice/Transmutation            4
   e - Blade Hands                    Transmutation                5
Comestibles
 c - 13 rations


   Skills:
 + Level 3.9 Fighting
 + Level 3.9 Short Blades
 + Level 3.9 Long Blades
 + Level 3.9 Axes
 + Level 3.9 Maces & Flails
 + Level 3.9 Polearms
 + Level 3.9 Staves
 + Level 3.9 Slings
 + Level 3.9 Bows
 + Level 3.9 Crossbows
 + Level 3.9 Throwing
 + Level 3.9 Armour
 + Level 6.1 Dodging
 + Level 5.8 Stealth
 + Level 3.9 Shields
 + Level 3.9 Unarmed Combat
 + Level 6.4 Spellcasting
 + Level 3.2 Conjurations
 + Level 3.2 Hexes
 + Level 3.2 Charms
 + Level 3.2 Summonings
 + Level 7.9 Necromancy
 + Level 3.2 Translocations
 + Level 3.2 Transmutations
 + Level 3.2 Fire Magic
 + Level 3.2 Ice Magic
 + Level 3.2 Air Magic
 + Level 3.2 Earth Magic
 + Level 3.2 Poison Magic
 + Level 4.3 Invocations
 + Level 3.9 Evocations


You had 10 spell levels left.
You knew the following spells:

 Your Spells              Type           Power        Failure   Level  Hunger
a - Pain                  Necr           ####         1%          1    None
d - Vampiric Draining     Necr           #####.....   1%          3    #......
k - Sticks to Snakes      Tmut           ###.....     3%          2    None
n - Animate Skeleton      Necr           N/A          1%          1    None
r - Regeneration          Chrm/Necr      ####......   2%          3    #......


Dungeon Overview and Level Annotations

Branches:
Dungeon (8/15)             Temple (0/1) D:7
   Lair: D:8-11

Altars:
Elyvilon
Makhleb
Trog

Shops:
D:6 ?

Annotations:
D:8 Maurice


Innate Abilities, Weirdness & Mutations

Your experience applies equally to all skills.
You have very sharp teeth.
Your uncanny sense of smell can sniff out nearby items.


Message History

The human is lightly wounded.
You hear an angry hiss.
The human closely misses you.
You hit the human but do no damage.
The human writhes in agony.
You bite the human, but do no damage.
The human is moderately wounded.
Your skin stops crawling.
You completely miss the human.
The human is moderately wounded.
The leopard gecko hisses menacingly.
The human completely misses you.
You hit the human but do no damage.
The human writhes in agony.
Your bite misses the human.
The human is heavily wounded.
The human completely misses you.
You hit the human but do no damage.
The human writhes in agony.
The human is severely wounded.
The human hits you with a long sword!
* * * LOW HITPOINT WARNING * * *
Casting: Vampiric Draining
Confirm with . or Enter, or press ? or * to list all spells.
Aiming: Vampiric Draining
Press: ? - help, Shift-Dir - straight line, f - human, p - centaur
Aim: a human, wielding a long sword and wearing a ring mail (severely wounded)
The human is almost dead.
You feel life coursing into your body.
A centaur comes into view.
You hit the human but do no damage.
The human writhes in agony.
You kill the human!
The centaur wields an uncursed shortbow.
The centaur shoots an arrow.
The arrow hits you.
* * * LOW HITPOINT WARNING * * *
Okay, then.
Evoke which item? (* to show all) (? for menu, Esc to quit)
Okay, then.
Okay, then.
It was a potion of agility.
You feel agile all of a sudden. The hound bites you.
* * * LOW HITPOINT WARNING * * *
The hound completely misses you.
You barely miss the hound. The hound closely misses you.
You hit the hound but do no damage.
The hound writhes in agony.
The hound is heavily wounded.
The hound misses you.
You barely miss the hound. Your bite misses the hound.
The hound is heavily wounded.
The hound completely misses you.
You barely miss the hound. You punch the hound, but do no damage.
The hound is heavily wounded.
The hound completely misses you.
You miss the hound.
The hound is heavily wounded.
The hound closely misses you. x2
You hit the hound.
The hound writhes in agony.
The hound is almost dead.
The hound misses you.
You barely miss the hound.
The hound is almost dead.
The hound barely misses you.
You miss the hound.
The hound is almost dead.
The hound bites you.
* * * LOW HITPOINT WARNING * * *
You miss the hound.
The hound is almost dead.
The hound closely misses you.
You closely miss the hound.
The hound is almost dead.
The hound completely misses you. x2
You miss the hound.
The hound is almost dead.
The hound bites you.
* * * LOW HITPOINT WARNING * * *
Casting: Vampiric Draining
Confirm with . or Enter, or press ? or * to list all spells.
Aiming: Vampiric Draining
Press: ? - help, Shift-Dir - straight line, f - hound
Aim: a hound (almost dead)
You kill the hound!
You feel life coursing into your body. The leopard gecko barely misses you.
You hit the leopard gecko.
The leopard gecko writhes in agony.
You kill the leopard gecko!
The centaur shoots an arrow.
The arrow misses you.
The centaur unwields an uncursed shortbow.
The centaur closely misses you. The human completely misses you.
The centaur hits you!
* * * LOW HITPOINT WARNING * * *
Things that are here:
a long sword; a ring mail The centaur wields an uncursed shortbow.
The centaur shoots an arrow.
The arrow hits you.
* * * LOW HITPOINT WARNING * * *
You see here 3 arrows.
It was a potion of curing.
You feel better. The human hits you with a long sword.
* * * LOW HITPOINT WARNING * * *
It was a potion of haste.
You feel yourself speed up. The human hits you with a long sword!
You die...

....l.# # (...c..........>.≈≈≈
......###.## .......h≈≈≈≈≈≈...≈≈≈
#..........# #.#..##..≈≈≈≈≈≈≈≈≈≈≈
#..........###.#.##.....≈≈≈≈≈≈≈≈≈
..........................≈≈≈≈≈..
....<....... ....................
....>.#..... #..............#....
......#.....##.######.......#....
.........#....cp@....(.#.........
#####..........###...............
### #............................
..###....##..................#...
........................#.(......
.....(........#########..........
##............ ######........
#....#.##....... ...####......
[.#..#<## .. #. #####..5....##..


You could see a human and a centaur.

Vanquished Creatures
  A wizard (D:7)
  An orc sorcerer (D:7)
  A human (D:7)
  A hungry ghost (D:7)
  Edmund (D:5)
  3 orc warriors
  A howler monkey (D:5)
  A crimson imp (D:7)
  3 hounds
  3 orc priests
  4 orc wizards
  3 gnolls (D:2)
  3 adders (D:3)
  A shadow imp (D:7)
  An ooze (D:2)
  3 adder zombies
  An adder skeleton (D:4)
  A worm (D:2)
  2 leopard geckos
  16 orcs
  3 giant cockroaches (D:1)
  A goblin (D:2)
  5 hobgoblins
  4 jackals
  2 kobolds (D:2)
  2 quokkas (D:3)
  2 ball pythons
  5 bats
  6 frilled lizards
  5 rats
86 creatures vanquished.

Vanquished Creatures (collateral kills)
  An orc (D:7)
1 creature vanquished.

Grand Total: 87 creatures vanquished

Notes
Turn   | Place    | Note
-------+----------+-------------------------------------------
     0 | D:1      | tidbits the Gnoll Necromancer began the quest for the Orb.
     0 | D:1      | Reached XP level 1. HP: 13/13 MP: 6/6
    26 | D:2      | Reached XP level 2. HP: 16/20 MP: 3/7
    53 | D:1      | Learned a level 1 spell: Animate Skeleton
    73 | D:1      | Reached XP level 3. HP: 18/25 MP: 2/9
    79 | D:1      | Learned a level 3 spell: Vampiric Draining
    83 | D:1      | Learned a level 3 spell: Regeneration
   137 | D:1      | Reached skill level 5 in Spellcasting
   300 | D:2      | Reached skill level 1 in Invocations
   326 | D:2      | Found a bloodstained altar of Trog.
   469 | D:2      | Reached skill level 1 in Fighting
   469 | D:2      | Reached skill level 1 in Short Blades
   469 | D:2      | Reached skill level 1 in Long Blades
   469 | D:2      | Reached skill level 1 in Axes
   469 | D:2      | Reached skill level 1 in Maces & Flails
   469 | D:2      | Reached skill level 1 in Polearms
   469 | D:2      | Reached skill level 1 in Staves
   469 | D:2      | Reached skill level 1 in Slings
   469 | D:2      | Reached skill level 1 in Bows
   469 | D:2      | Reached skill level 1 in Crossbows
   469 | D:2      | Reached skill level 1 in Throwing
   469 | D:2      | Reached skill level 1 in Armour
   469 | D:2      | Reached skill level 1 in Shields
   469 | D:2      | Reached skill level 1 in Unarmed Combat
   469 | D:2      | Reached skill level 1 in Evocations
   514 | D:2      | Found a burning altar of Makhleb.
   517 | D:2      | Reached XP level 4. HP: 29/32 MP: 11/11
   605 | D:3      | Reached skill level 1 in Conjurations
   605 | D:3      | Reached skill level 1 in Hexes
   605 | D:3      | Reached skill level 1 in Charms
   605 | D:3      | Reached skill level 1 in Summonings
   605 | D:3      | Reached skill level 1 in Translocations
   605 | D:3      | Reached skill level 1 in Transmutations
   605 | D:3      | Reached skill level 1 in Fire Magic
   605 | D:3      | Reached skill level 1 in Ice Magic
   605 | D:3      | Reached skill level 1 in Air Magic
   605 | D:3      | Reached skill level 1 in Earth Magic
   605 | D:3      | Reached skill level 1 in Poison Magic
   713 | D:3      | Reached XP level 5. HP: 15/37 MP: 12/12
   959 | D:5      | Entered Level 5 of the Dungeon
   963 | D:5      | Noticed Edmund
   979 | D:5      | Killed Edmund
   979 | D:5      | Reached skill level 2 in Invocations
   979 | D:5      | Reached XP level 6. HP: 31/44 MP: 6/13
   996 | D:6      | Noticed an orc warrior
  1099 | D:4      | Found a white marble altar of Elyvilon.
  1129 | D:4      | Reached skill level 5 in Dodging
  1129 | D:4      | Reached skill level 2 in Fighting
  1129 | D:4      | Reached skill level 2 in Short Blades
  1129 | D:4      | Reached skill level 2 in Long Blades
  1129 | D:4      | Reached skill level 2 in Axes
  1129 | D:4      | Reached skill level 2 in Maces & Flails
  1129 | D:4      | Reached skill level 2 in Polearms
  1129 | D:4      | Reached skill level 2 in Staves
  1129 | D:4      | Reached skill level 2 in Slings
  1129 | D:4      | Reached skill level 2 in Bows
  1129 | D:4      | Reached skill level 2 in Crossbows
  1129 | D:4      | Reached skill level 2 in Throwing
  1129 | D:4      | Reached skill level 2 in Armour
  1129 | D:4      | Reached skill level 2 in Shields
  1129 | D:4      | Reached skill level 2 in Unarmed Combat
  1129 | D:4      | Reached skill level 2 in Evocations
  1232 | D:5      | Killed an orc warrior
  1232 | D:5      | Reached XP level 7. HP: 36/50 MP: 3/15
  1353 | D:6      | Reached skill level 2 in Conjurations
  1353 | D:6      | Reached skill level 2 in Hexes
  1353 | D:6      | Reached skill level 2 in Charms
  1353 | D:6      | Reached skill level 2 in Summonings
  1353 | D:6      | Reached skill level 2 in Translocations
  1353 | D:6      | Reached skill level 2 in Transmutations
  1353 | D:6      | Reached skill level 2 in Fire Magic
  1353 | D:6      | Reached skill level 2 in Ice Magic
  1353 | D:6      | Reached skill level 2 in Air Magic
  1353 | D:6      | Reached skill level 2 in Earth Magic
  1353 | D:6      | Reached skill level 2 in Poison Magic
  1369 | D:6      | Found Gozunan's Magic Scroll Emporium.
  1377 | D:6      | Bought a scroll of teleportation for 30 gold pieces
  1377 | D:6      | Bought a scroll of magic mapping for 35 gold pieces
  1377 | D:6      | Bought a scroll of magic mapping for 35 gold pieces
  1377 | D:6      | Bought a scroll of magic mapping for 35 gold pieces
  1521 | D:6      | Learned a level 2 spell: Sticks to Snakes
  1555 | D:7      | Reached skill level 5 in Stealth
  1568 | D:7      | Noticed a hungry ghost
  1578 | D:7      | Killed a hungry ghost
  1578 | D:7      | Reached skill level 3 in Invocations
  1578 | D:7      | Reached XP level 8. HP: 47/57 MP: 5/16
  1601 | D:7      | Noticed an orc sorcerer
  1605 | D:7      | Noticed a wizard
  1610 | D:7      | Killed an orc sorcerer
  1610 | D:7      | Reached skill level 3 in Fighting
  1610 | D:7      | Reached skill level 3 in Short Blades
  1610 | D:7      | Reached skill level 3 in Long Blades
  1610 | D:7      | Reached skill level 3 in Axes
  1610 | D:7      | Reached skill level 3 in Maces & Flails
  1610 | D:7      | Reached skill level 3 in Polearms
  1610 | D:7      | Reached skill level 3 in Staves
  1610 | D:7      | Reached skill level 3 in Slings
  1610 | D:7      | Reached skill level 3 in Bows
  1610 | D:7      | Reached skill level 3 in Crossbows
  1610 | D:7      | Reached skill level 3 in Throwing
  1610 | D:7      | Reached skill level 3 in Armour
  1610 | D:7      | Reached skill level 3 in Shields
  1610 | D:7      | Reached skill level 3 in Unarmed Combat
  1610 | D:7      | Reached skill level 6 in Spellcasting
  1610 | D:7      | Reached skill level 3 in Evocations
  1622 | D:7      | Killed a wizard
  1622 | D:7      | Reached skill level 6 in Dodging
  1622 | D:7      | Reached skill level 3 in Conjurations
  1622 | D:7      | Reached skill level 3 in Hexes
  1622 | D:7      | Reached skill level 3 in Charms
  1622 | D:7      | Reached skill level 3 in Summonings
  1622 | D:7      | Reached skill level 3 in Translocations
  1622 | D:7      | Reached skill level 3 in Transmutations
  1622 | D:7      | Reached skill level 3 in Fire Magic
  1622 | D:7      | Reached skill level 3 in Ice Magic
  1622 | D:7      | Reached skill level 3 in Air Magic
  1622 | D:7      | Reached skill level 3 in Earth Magic
  1622 | D:7      | Reached skill level 3 in Poison Magic
  1622 | D:7      | Reached skill level 4 in Invocations
  1622 | D:7      | Reached XP level 9. HP: 31/65 MP: 2/18
  1655 | D:8      | Noticed Maurice
  1662 | D:8      | Noticed a two-headed ogre
  1765 | D:7      | Found a staircase to the Ecumenical Temple.
  1829 | D:7      | Slain by a human

Vault maps used:
D:1:      dpeg_arrival_prison, minmay_misc_feat_rows
D:2:      nicolae_gozag_cash_rules_everything_around_me,
          makhleb_blood_cavern_becter, lemuel_doored_altar,
          minmay_misc_feat_columns
D:3:      kb_forest_paths, first_ration
D:4:      kennysheep_mini_moat, corexii_leaking_fountain
D:5:      nicolae_ru_the_path_less_chosen, uniq_edmund
D:6:      kennysheep_mini, serial_shops, shop, minivault_1,
          nicolae_dithmenos_through_a_glass_darkly
D:7:      cheibrodos_wizards_tower, okawaru_humans, temple_pool_b
D:8:      gammafunk_jiyva_shrine, gammafunk_temple_overflow_arena, uniq_maurice

Skill      XL: |  1  2  3  4  5  6  7  8 |
---------------+-------------------------+-----
Spellcasting   | 5 6 |  6.4
Invocations    | 1 2 3 4 |  4.3
Fighting       | 1 2 3 |  3.9
Short Blades   | 1 2 3 |  3.9
Long Blades    | 1 2 3 |  3.9
Axes           | 1 2 3 |  3.9
Maces & Flails | 1 2 3 |  3.9
Polearms       | 1 2 3 |  3.9
Staves         | 1 2 3 |  3.9
Slings         | 1 2 3 |  3.9
Bows           | 1 2 3 |  3.9
Crossbows      | 1 2 3 |  3.9
Throwing       | 1 2 3 |  3.9
Armour         | 1 2 3 |  3.9
Shields        | 1 2 3 |  3.9
Unarmed Combat | 1 2 3 |  3.9
Evocations     | 1 2 3 |  3.9
Conjurations   | 1 2 3 |  3.2
Hexes          | 1 2 3 |  3.2
Charms         | 1 2 3 |  3.2
Summonings     | 1 2 3 |  3.2
Translocations | 1 2 3 |  3.2
Transmutations | 1 2 3 |  3.2
Fire Magic     | 1 2 3 |  3.2
Ice Magic      | 1 2 3 |  3.2
Air Magic      | 1 2 3 |  3.2
Earth Magic    | 1 2 3 |  3.2
Poison Magic   | 1 2 3 |  3.2
Dodging        | 5 6 |  6.1
Stealth        | 5 |  5.8
Necromancy     | |  7.9

Action                   |  1- 3 |  4- 6 |  7- 9 || total
-------------------------+-------+-------+-------++-------
Melee: Short sword       |     6 |    69 |    30 ||   105
       Bite              |     1 |     4 |     9 ||    14
       Punch             |       |     1 |     2 ||     3
       Dire flail        |       |       |    30 ||    30
       Dagger            |       |       |    28 ||    28
 Cast: Pain              |    34 |    11 |    14 ||    59
       Vampiric Draining |       |     4 |    16 ||    20
       Regeneration      |       |     1 |     7 ||     8
       Animate Skeleton  |       |     1 |     2 ||     3
Evoke: Wand              |       |       |     1 ||     1
  Use: Scroll            |     2 |     3 |     3 ||     8
       Potion            |       |       |     5 ||     5
 Stab: Sleeping          |     1 |     7 |     1 ||     9
  Eat: Chunk             |       |     2 |     2 ||     4
Armor: Robe              |     2 |    12 |    10 ||    24
Dodge: Dodged            |     7 |    62 |    84 ||   153

Table legend:
 A = Spawn XP
 B = Non-spawn XP
 C = Spawn XP percentage of total XP
 D = Spawn monster count
 E = Non-spawn monster count
 F = Spawn count percentage of total count
 G = Total turns spent on level
                    A         B        C        D         E        F      G
               +---------+---------+-------+---------+---------+-------+---------
         Total |       0 |    2862 |   0.0 |       0 |      87 |   0.0 |  1829
               +---------+---------+-------+---------+---------+-------+---------
           D:1 |       0 |      19 |   0.0 |       0 |      13 |   0.0 |   271
           D:2 |       0 |     111 |   0.0 |       0 |      15 |   0.0 |   324
           D:3 |       0 |      85 |   0.0 |       0 |      23 |   0.0 |   308
           D:4 |       0 |      51 |   0.0 |       0 |       4 |   0.0 |   103
           D:5 |       0 |     352 |   0.0 |       0 |       4 |   0.0 |   259
           D:6 |       0 |     230 |   0.0 |       0 |       9 |   0.0 |   275
           D:7 |       0 |    2014 |   0.0 |       0 |      19 |   0.0 |   263
               +---------+---------+-------+---------+---------+-------+---------

Table legend:
 A = Turns spent in this place as a percentage of turns spent in the entire game.
 B = Non-inter-level travel turns spent in this place as a percentage of non-inter-level travel turns spent in the entire game.
 C = Inter-level travel turns spent in this place as a percentage of turns spent in this place.
 D = Turns resting spent in this place as a percentage of non-inter-level travel turns spent in this place.
 E = Turns spent auto-exploring this place as a percentage of non-inter-level travel turns spent in this place.
 F = Non-inter-level travel turns spent in this place divided by the number of levels of this place that you've seen.
                   A       B       C       D       E      F
               +-------+-------+-------+-------+-------+----------------------
         Total | 100.0 | 100.0 |   4.0 |   0.1 |   0.0 | 219.4
       Dungeon | 100.0 | 100.0 |   4.0 |   0.1 |   0.0 | 219.4
               +-------+-------+-------+-------+-------+----------------------

Table legend:
 A = Kills in this place as a percentage of kills in entire the game.
 B = Kills by you in this place as a percentage of kills by you in the entire game.
 C = Kills by friends in this place as a percentage of kills by friends in the entire game.
 D = Other kills in this place as a percentage of other kills in the entire game.
 E = Experience gained in this place as a percentage of experience gained in the entire game.
 F = Experience gained in this place divided by the number of levels of this place that you have seen.
                   A       B       C       D       E      F
               +-------+-------+-------+-------+-------+----------------------
         Total | 100.0 | 100.0 | 100.0 |   N/A | 100.0 | 357.8
       Dungeon | 100.0 | 100.0 | 100.0 |   N/A | 100.0 | 357.8
               +-------+-------+-------+-------+-------+----------------------

Vault maps used:
D:1:      dpeg_arrival_prison, minmay_misc_feat_rows
D:2:      nicolae_gozag_cash_rules_everything_around_me,
          makhleb_blood_cavern_becter, lemuel_doored_altar,
          minmay_misc_feat_columns
D:3:      kb_forest_paths, first_ration
D:4:      kennysheep_mini_moat, corexii_leaking_fountain
D:5:      nicolae_ru_the_path_less_chosen, uniq_edmund
D:6:      kennysheep_mini, serial_shops, shop, minivault_1,
          nicolae_dithmenos_through_a_glass_darkly
D:7:      cheibrodos_wizards_tower, okawaru_humans, temple_pool_b
D:8:      gammafunk_jiyva_shrine, gammafunk_temple_overflow_arena, uniq_maurice
